[Event "WWRR IM-Group 2024"]
[Site "Wachtebeke"]
[Date "2024.02.12"]
[Round "1.1"]
[White "Hauchamps, Maxime"]
[Black "Leenhouts, Koen"]
[Result "0-1"]
[ECO "C02"]
[WhiteElo "2267"]
[BlackElo "2433"]
[Annotator "TA"]
[PlyCount "63"]
[EventDate "2024.02.12"]
[EventType "tourn"]
[EventCountry "BEL"]
[SourceTitle "playchess.com"]
[Source "ChessBase"]
[SourceQuality "1"]
[TimeControl "40/5400+30:900+30"]

1. e4 e6 2. d4 d5 3. e5 c5 4. c3 Nc6 5. Nf3 Bd7 6. Be2 Nge7 7. Na3 Nf5 8. Nc2 cxd4 9. cxd4 Rc8 10. O-O Be7 11. Kh1 Qb6 12. Bd3 {[%emt 0:10:31] The position is equal.} Nb4 (12... Nfxd4 $2 {perishes.} 13. Be3 $18) (12... Ncxd4 $2 13. Nfxd4 Nxd4 14. Be3 $18) (12... a5 $11) 13. Nxb4 $14 Qxb4 14. Rb1 Qb6 15. g4 Nh4 (15... Nxd4 $2 16. Be3 $18) 16. Nxh4 Bxh4 17. Be3 {[%emt 0:00:40] Threatens to win with g5.} Be7 18. f4 Bb5 19. Bxb5+ Qxb5 20. f5 Qa6 21. Rf2 Bh4 22. Rf3 {[%emt 0:05:33] And now g5 would win.} h6 23. Bd2 Be7 {[%emt 0:03:05] Repels Bb4} 24. a4 ({White should play} 24. Ra1 $14) 24... h5 25. Rh3 $1 Rc4 26. Bc3 h4 (26... Qxa4 $2 {too greedy.} 27. b3 (27. gxh5 Qxd1+ 28. Rxd1 exf5 $17) 27... Rxc3 28. Rxc3 $18) 27. b3 Rc7 28. Qd2 Kd7 29. Ba5 b6 30. Bc3 Rhc8 31. Rc1 (31. fxe6+ $11 {remains equal.} fxe6 32. Rf3) 31... b5 $17 {[%emt 0:02:48] [#] aiming for ...b4.} 32. Qe2 {[%emt 0:00:00] Weighted Error Value: White=0.17 (very precise) /Black=0.10 (very precise) .  Mistake:       	White=2     	Black=1      Inaccurate:     	White=2     	Black=2      OK:         	White=8     	Black=9      Best:        	White=1     	Black=1      Strong:       	White=1     	---} 0-1

[Event "WWRR IM-Group 2024"]
[Site "Wachtebeke"]
[Date "2024.02.12"]
[Round "1.2"]
[White "Gloeckler, Christian"]
[Black "Ochs, Daniel Elias"]
[Result "1-0"]
[ECO "B13"]
[WhiteElo "2354"]
[BlackElo "2280"]
[Annotator "TA"]
[PlyCount "88"]
[EventDate "2024.02.12"]
[EventType "tourn"]
[EventCountry "BEL"]
[SourceTitle "playchess.com"]
[Source "ChessBase"]
[SourceQuality "1"]
[TimeControl "40/5400+30:900+30"]

1. e4 c6 2. d4 d5 3. exd5 cxd5 4. Bd3 Nf6 5. c3 Bg4 6. Qb3 Qc7 7. h3 Bd7 8. Nd2 e6 9. Ndf3 {[%emt 0:01:09] The position is equal.} Bd6 {[%emt 0:00:45] Prevents Bf4} 10. Ne2 Bc6 11. Qc2 Nbd7 12. Be3 O-O 13. O-O Rae8 14. a4 a6 15. Rfe1 h6 16. Qc1 Ne4 17. b4 Nb6 (17... b5 $5) 18. b5 axb5 19. axb5 Bd7 20. Ne5 Bxe5 21. dxe5 Nc4 22. Bd4 $132 {[%emt 0:06:48][%mdl 2048] White has counterplay} Bxb5 23. Qb1 Ba6 24. Bxe4 dxe4 25. Qxe4 Nd2 26. Qc2 Bxe2 27. Qxd2 (27. Rxe2 $5 Nc4 $8 28. Qa2 $17) 27... Bc4 28. Rab1 Ra8 29. Re3 Ra2 30. Qc1 Kh7 31. Rb4 Rfa8 32. Qb1+ Kg8 {[%emt 0:00:06] aiming for ...Ra1.} 33. Kh2 (33. Rxb7 $14 Qd8 34. Qb6) 33... b5 (33... Rxf2 $15 34. Rg3 Rf1 35. Rxb7 Rxb1 36. Rxc7 Be2) 34. Rg3 $11 Qc6 35. Qc1 Kh7 36. Qf4 Rf8 (36... Qe8 $11 {keeps the balance.}) 37. Be3 $1 $16 {[%emt 0:01:22][%cal Og3g7] Hoping for Rxg7+!} Raa8 $2 {[%emt 0:01:58] [#] This move loses the game for Black.} (37... f5 $16) 38. Rxg7+ $3 $18 Kxg7 39. Qxh6+ Kg8 {[%emt 0:00:02] White must now prevent ...Qe4.} 40. Qg5+ Kh7 {[%emt 0:00:19] [#] Threatens to win with ...Qe4.} 41. Qh4+ {[%emt 0:15:25][%mdl 1024] White has strong compensation.} Kg6 $2 (41... Kg8 $18) 42. Qh6+ {[%emt 0:03:00] White mates.} Kf5 43. Qg5+ Ke4 44. Qf4+ Kd5 {[%emt 0:02:26] Weighted Error Value: White=0.06 (flawless) /Black=0.34.  Loses game:     	---       	Black=1      Mistake:       	White=1     	Black=3      Inaccurate:     	White=2     	Black=3      OK:         	White=13    	Black=13     Best:        	White=3     	---        Strong:       	White=1     	---        Brilliant:      	White=1     	---} 1-0

[Event "WWRR IM-Group 2024"]
[Site "Wachtebeke"]
[Date "2024.02.12"]
[Round "1.3"]
[White "Milliet, Sophie"]
[Black "Victor, Julian"]
[Result "1/2-1/2"]
[ECO "B12"]
[WhiteElo "2384"]
[BlackElo "2216"]
[Annotator "TA"]
[PlyCount "85"]
[EventDate "2024.02.12"]
[EventType "tourn"]
[EventCountry "BEL"]
[SourceTitle "playchess.com"]
[Source "ChessBase"]
[SourceQuality "1"]
[TimeControl "40/5400+30:900+30"]

1. e4 c6 2. d4 d5 3. e5 Bf5 4. Nf3 e6 5. Be2 Ne7 6. O-O Bg6 7. Nbd2 c5 8. dxc5 Nec6 9. Nb3 Nd7 10. c4 dxc4 11. Bxc4 Be7 {[%emt 0:04:22][%cal Oe8g8] Dodges Bg5} 12. Qe2 Nxc5 13. Rd1 Qc7 14. Nxc5 Bxc5 15. Be3 Bxe3 16. Qxe3 O-O 17. Rac1 Rfd8 18. Rxd8+ Rxd8 19. Bb5 Rd5 20. Bxc6 bxc6 21. h3 c5 22. Rc3 ({Better is} 22. b4 $14) 22... h6 $11 23. Qe2 Kh7 24. Qc4 Qd7 25. Rb3 Bd3 26. Qh4 {[%emt 0:01:10] [#] Black must now prevent Ng5+.} Bb5 27. a4 Ba6 (27... Bxa4 $2 {loses.} 28. Ng5+ Kg6 29. Rg3 Rd1+ 30. Kh2 $18) 28. Qe4+ Kg8 29. Rb8+ Bc8 30. Qc4 Qc7 31. Qb5 {[%emt 0:00:13] [#] And now Qe8+ would win.} Kh7 32. Ra8 a6 33. Qb3 (33. Qb8 $1 $15 Qxb8 34. Rxb8) 33... Qb7 (33... Bb7 $17 34. Ra7 Rd7) 34. Qxb7 {[%emt 0:01:48] The position is equal.} Bxb7 {[%emt 0:00:01][%mdl 4096] Endgame. KRB-KRN} 35. Ra7 Rd1+ 36. Kh2 Bxf3 37. gxf3 {[%emt 0:00:02] KR-KR} Rd2 38. Rxf7 Rxf2+ 39. Kg3 Rxb2 40. Re7 Rb4 41. Rxe6 Rxa4 42. Rc6 g5 43. Rxc5 {[%emt 0:01:05] Weighted Error Value: White=0.08 (flawless) /Black=0.08 (flawless) .  Mistake:       	White=2     	Black=1      Inaccurate:     	---       	Black=1      OK:         	White=18    	Black=21     Best:        	White=3     	Black=2} 1/2-1/2

[Event "WWRR IM-Group 2024"]
[Site "Wachtebeke"]
[Date "2024.02.12"]
[Round "1.4"]
[White "Van Cappellen, Jonas"]
[Black "Dobrikov, Marco"]
[Result "0-1"]
[ECO "A24"]
[WhiteElo "2212"]
[BlackElo "2260"]
[Annotator "TA"]
[PlyCount "128"]
[EventDate "2024.02.12"]
[EventType "tourn"]
[EventCountry "BEL"]
[SourceTitle "playchess.com"]
[Source "ChessBase"]
[SourceQuality "1"]
[TimeControl "40/5400+30:900+30"]

1. Nf3 Nf6 2. c4 g6 3. Nc3 Bg7 4. g3 O-O 5. Bg2 d6 6. O-O e5 7. d3 Bg4 {[%emt 0:07:37] A24: English Opening vs King's Indian: Lines without ...Nc6.} 8. Nd2 Qc8 $146 ({Predecessor:} 8... Nc6 9. Nde4 Nxe4 10. Nxe4 Qd7 11. Bh6 Nd4 12. f3 Bh3 13. Bxg7 Kxg7 14. Qd2 Bxg2 15. Kxg2 f5 16. Nc3 c6 17. Rae1 Rae8 18. e3 Ne6 19. d4 Rf7 20. Rd1 Qc7 {½-½ Seubert,L (1557)-Schell,S (1475) GER-chT U16 Verden an der Aller 2009 (6.4)}) 9. Nde4 Nxe4 10. dxe4 Nc6 11. Nd5 Kh8 12. Qd3 Nd4 13. f3 Be6 14. e3 Nc6 15. Bd2 a5 16. b3 Nb8 17. a3 (17. Rac1 $142) 17... Nd7 $11 18. b4 (18. Nc3 $11 {remains equal.}) 18... c6 $17 19. Rfc1 axb4 (19... cxd5 20. cxd5 Qe8 21. dxe6 Qxe6 22. Qb5 $16 (22. bxa5 Nc5 $15)) 20. axb4 {[%emt 0:04:32] [#]} Rxa1 $1 (20... cxd5 $6 21. Rxa8 Qxa8 22. cxd5 $14 (22. exd5 e4 $17) (22. exd5 $2 e4 $17)) 21. Rxa1 f5 (21... cxd5 $6 22. cxd5 Bxd5 23. Qxd5 $14) 22. Nc3 Nb6 23. c5 dxc5 24. bxc5 Nc4 25. Bc1 Rd8 26. Qe2 Qd7 27. Bf1 (27. Ra4 $1 $15) 27... Bf8 (27... f4 $17 {And now ...Bh6 would win.} 28. Na4 Nxe3 29. Bxe3 fxe3) 28. Ra4 $2 (28. exf5 $15 gxf5 29. Na4) 28... Nd2 $19 ({And not} 28... Bxc5 29. exf5 (29. Rxc4 Bxc4 30. Qxc4 Bf8 $18) 29... gxf5 30. Rxc4 Bxc4 31. Qxc4 $16) 29. Bxd2 Qxd2 30. Qxd2 Rxd2 31. Ra8 Kg7 32. Rb8 Rd7 33. exf5 gxf5 34. Na4 Bb3 35. Nb6 Rc7 36. Bc4 {[%emt 0:01:05] [#]} Bxc4 $1 ({But not} 36... Bxc5 37. Rg8+ Kh6 38. Bxb3 $15) 37. Nxc4 Bxc5 38. Nxe5 Bxe3+ 39. Kf1 Bd4 40. Nc4 b5 41. Nd6 Kg6 42. g4 (42. Rd8 $17 {was called for.}) 42... fxg4 $19 43. fxg4 Be5 44. Rg8+ Rg7 45. Rd8 Bxh2 46. Kg2 $2 (46. Nf5 Rc7 47. Re8) 46... Bxd6 $19 47. Rxd6+ Kg5 48. Rxc6 Kxg4 49. Rb6 Rg5 50. Rh6 Rh5 51. Rb6 Kf4 52. Kf2 Ke4 53. Ke2 Kd4 54. Kd2 Kc4 55. Kc2 Rh2+ 56. Kb1 h5 57. Rf6 b4 58. Rf4+ Kb3 59. Rf3+ Ka4 60. Re3 h4 61. Rf3 h3 62. Re3 b3 63. Re8 Rg2 64. Ra8+ Kb5 0-1

[Event "WWRR IM-Group 2024"]
[Site "Wachtebeke"]
[Date "2024.02.12"]
[Round "1.5"]
[White "De Waele, Warre"]
[Black "Matnadze Bujiashvili, Ann"]
[Result "1-0"]
[ECO "D55"]
[WhiteElo "2345"]
[BlackElo "2364"]
[Annotator "TA"]
[PlyCount "107"]
[EventDate "2024.02.12"]
[EventType "tourn"]
[EventCountry "BEL"]
[SourceTitle "playchess.com"]
[Source "ChessBase"]
[SourceQuality "1"]
[TimeControl "40/5400+30:900+30"]

1. Nf3 Nf6 2. c4 e6 3. Nc3 d5 4. d4 Be7 5. Bg5 O-O 6. e3 b6 7. Bxf6 Bxf6 8. cxd5 exd5 9. Bd3 Bb7 10. O-O {[%emt 0:03:58] D55: Queen's Gambit Declined: 4 Bg5 Be7: Lines without ...h6 and 6...h6 7 Bxf6.} Nd7 11. b4 c5 12. bxc5 $1 bxc5 13. Bxh7+ Kxh7 14. Qb1+ Kg8 15. Qxb7 cxd4 16. Nxd4 $146 ({But not} 16. Nxd5 dxe3 17. Rac1 Rb8 18. Nxf6+ (18. Qxa7 e2 $14) 18... Nxf6 19. Qxa7 Re8 $11) ({Predecessor:} 16. exd4 Nb6 17. a4 Qc8 18. Qxc8 Raxc8 19. Nb5 a5 20. Nd6 Rc6 21. Nf5 Rd8 22. Rfb1 {1-0 Vnukov,A (2379)-Merdinjan,A (2325) EU-chT Railways USIC 2000 (6.4)}) 16... Bxd4 17. exd4 Nf6 18. Qa6 Re8 19. Rac1 Re6 20. Qd3 Qa5 21. Qb5 Qd8 22. Rfe1 Rxe1+ 23. Rxe1 Rc8 24. Ne2 Qe7 25. Qd3 Qb4 (25... Re8 $11) 26. Rb1 $16 Qa5 {[%emt 0:00:17] [#]} 27. a3 $1 g6 28. f3 (28. g3 $16) 28... Rc4 ({Black should play} 28... Ne8 $14) 29. Qe3 $16 Kg7 30. h3 Rc2 ({Better is} 30... Rc8) 31. Nf4 $16 Qd2 {[%emt 0:11:43] [#]} (31... Qc7 $16 32. Qe5 Rc4) 32. Qe5 $1 $18 Qf2+ $2 (32... Rc1+ 33. Rxc1 Qxc1+ 34. Kh2 Qc6) 33. Kh1 (33. Kh2 $142 {Rb7 is the strong threat.} Qxf3 34. Rb7) 33... Rd2 $18 34. Rb7 (34. Nxd5 $2 Qxg2#) 34... Rd1+ 35. Kh2 Qg1+ 36. Kg3 Qe1+ 37. Qxe1 Rxe1 38. Rxa7 g5 39. Nd3 Re2 40. a4 Nh5+ 41. Kg4 Nf6+ 42. Kxg5 Rxg2+ 43. Kf5 Ng8 44. Nf4 Nh6+ 45. Ke5 Rg5+ 46. Kd6 Rf5 47. Nxd5 Rxf3 48. a5 Rxh3 49. a6 Nf5+ 50. Ke5 Ng3 51. Rd7 Rh4 52. a7 Re4+ 53. Kd6 Nf5+ 54. Kc5 (54. Kc7 $142 Nxd4 55. a8=Q (55. a8=B Ne6+ 56. Kd6 Rg4 $16) 55... Re1 56. Qa4 (56. Qb8 Ne6+ 57. Kc6 Re4 58. Qb2+ Nd4+ 59. Kc7 Kh6 60. Qd2+ Kg6 61. Qg2+ Kf5) 56... Ne6+ 57. Kb6 Rb1+ 58. Ka7 Rf1 59. Qg4+ Kf8 60. Qh4) 1-0

[Event "WWRR IM-Group 2024"]
[Site "Wachtebeke"]
[Date "2024.02.12"]
[Round "2.1"]
[White "Leenhouts, Koen"]
[Black "Matnadze Bujiashvili, Ann"]
[Result "1-0"]
[ECO "E20"]
[WhiteElo "2433"]
[BlackElo "2364"]
[Annotator "RC"]
[PlyCount "79"]
[EventDate "2024.02.12"]
[EventType "tourn"]
[EventCountry "BEL"]
[SourceTitle "playchess.com"]
[Source "ChessBase"]
[SourceQuality "1"]
[TimeControl "40/5400+30:900+30"]

1. d4 Nf6 2. c4 e6 3. Nc3 Bb4 4. f3 c5 5. d5 Nh5 6. Nh3 Qh4+ 7. Nf2 Qxc4 8. e4 Bxc3+ 9. bxc3 Qxc3+ 10. Bd2 Qd4 11. Qc1 exd5 12. Bc3 Qa4 13. Qg5 d6 14. Qxh5 d4 15. Bd2 O-O 16. Be2 Be6 17. O-O Nc6 18. f4 f6 19. Bg4 Bf7 20. Qh3 Rfe8 21. Bf5 h6 22. Ng4 h5 23. Nf2 Rad8 24. g4 Ne7 25. gxh5 Nxf5 26. exf5 Qc2 27. h6 g6 28. Qh4 Qxf5 29. Ng4 Re2 30. Nxf6+ Kh8 31. Rf2 Rxf2 32. Kxf2 Rf8 33. Nd7 Re8 34. Re1 Rxe1 35. Kxe1 Bg8 36. Qf6+ Qxf6 37. Nxf6 Bxa2 38. f5 gxf5 39. Bf4 c4 40. Bxd6 1-0

[Event "WWRR IM-Group 2024"]
[Site "Wachtebeke"]
[Date "2024.02.12"]
[Round "2.2"]
[White "Dobrikov, Marco"]
[Black "De Waele, Warre"]
[Result "1/2-1/2"]
[ECO "D38"]
[WhiteElo "2260"]
[BlackElo "2345"]
[Annotator "TA"]
[PlyCount "115"]
[EventDate "2024.02.12"]
[EventType "tourn"]
[EventCountry "BEL"]
[SourceTitle "playchess.com"]
[Source "ChessBase"]
[SourceQuality "1"]
[TimeControl "40/5400+30:900+30"]

1. d4 Nf6 2. c4 e6 3. Nf3 d5 4. Nc3 Bb4 5. cxd5 exd5 6. Bg5 h6 7. Bh4 Nbd7 8. e3 g5 9. Bg3 Ne4 10. Nd2 Nxg3 11. hxg3 c6 12. Qc2 Nb6 13. Be2 Be6 14. O-O-O Qf6 15. Rhf1 O-O-O 16. Na4 Qe7 17. Nc5 Bxc5 18. Qxc5 Qxc5+ 19. dxc5 Nd7 20. b4 {[%emt 0:00:45] [#]} a5 $1 21. a3 Kc7 22. Nb3 axb4 23. axb4 Ra8 24. Kb2 Ra4 25. b5 Rha8 26. Ra1 {[%emt 0:13:42] Prevents Ra2+.} Rxa1 27. Rxa1 Rxa1 28. Kxa1 $11 {[%emt 0:00:58][%mdl 4096] Endgame. KBN-KBN} d4 29. Nxd4 Nxc5 30. bxc6 bxc6 31. f3 {[%emt 0:02:52] Prevents Ne4} Bd7 32. Kb2 Kd6 33. Kc3 Na4+ 34. Kd2 c5 35. Nc2 Be6 36. Na3 Nb6 37. Kc3 f5 38. Bd3 h5 39. f4 gxf4 40. gxf4 h4 41. Nb5+ (41. Kd2 $11 {remains equal.}) 41... Ke7 42. Kd2 ({White should play} 42. Bf1 $15) 42... Nc4+ $1 $19 43. Ke2 $2 (43. Ke1 {only move.}) 43... Nb2 44. Nc3 Nxd3 45. Kxd3 {[%emt 0:00:02] KB-KN} Bd7 {[%emt 0:01:20] And now ...Bc6 would win.} 46. e4 {[%emt 0:00:00] [#]} Bc6 $1 {[%emt 0:00:00] Hoping for ...Bxe4+.} 47. e5 Bxg2 48. Ke3 Bc6 {[%emt 0:00:00] ( -> ...h3)} 49. Kf2 Kd7 $2 ({Better is} 49... Kf8 $19 {...c4 is the strong threat.} 50. Nb1 c4) 50. Kg1 $1 $15 Bf3 $1 51. Kh2 Bg4 $1 52. Na4 Kc6 {[%emt 0:00:00] Strongly threatening ...c4.} 53. e6 c4 54. e7 {[%emt 0:00:07] [#]} Bh5 55. Kh3 Be8 {[%emt 0:00:37] Threatens to win with ...Kd6.} 56. Kxh4 Kd5 ({Black should try} 56... Kd6 $17 57. Nc3 Kxe7) 57. Nb6+ $11 Kc5 (57... Kd4 $5 58. Nxc4 (58. Kg5 $2 c3 $19) 58... Kxc4 $11) 58. Nxc4 $1 {[%emt 0:00:03] Whites escaped into a draw.   Weighted Error Value: White=0.13 (very precise) /Black=0.14 (very precise) .  Missed win:     	---       	Black=1      Mistake:       	White=3     	Black=1      Inaccurate:     	---       	Black=1      OK:         	White=17    	Black=21     Best:        	White=4     	Black=3      Strong:       	White=2     	Black=4} 1/2-1/2

[Event "WWRR IM-Group 2024"]
[Site "Wachtebeke"]
[Date "2024.02.12"]
[Round "2.3"]
[White "Victor, Julian"]
[Black "Van Cappellen, Jonas"]
[Result "1-0"]
[ECO "E04"]
[WhiteElo "2216"]
[BlackElo "2212"]
[Annotator "TA"]
[PlyCount "101"]
[EventDate "2024.02.12"]
[EventType "tourn"]
[EventCountry "BEL"]
[SourceTitle "playchess.com"]
[Source "ChessBase"]
[SourceQuality "1"]
[TimeControl "40/5400+30:900+30"]

1. Nf3 Nf6 2. c4 e6 3. g3 d5 4. d4 dxc4 5. Bg2 Bd7 6. Ne5 Bc6 7. Nxc6 Nxc6 8. O-O Qd7 (8... Nxd4 9. Bxb7 Rb8 10. Bg2 $16) 9. e3 {[%emt 0:00:41][%mdl 1024] White has compensation.} Rd8 10. Nc3 Nd5 {[%emt 0:12:08] The position is equal.} 11. Qe2 Nb6 12. b3 (12. Ne4 $14) 12... cxb3 13. axb3 Bd6 14. Bb2 O-O 15. Rfc1 a6 16. h4 e5 (16... Be7 $11) 17. Na4 exd4 18. Bxc6 bxc6 19. Bxd4 Nxa4 20. Rxa4 Rb8 21. Qb2 f6 22. Rxa6 Qf7 23. Rc3 c5 24. Bxc5 Bxc5 25. Rxc5 {[%emt 0:00:06] aiming for Ra7.} Rxb3 26. Qc2 Rb7 {[%emt 0:01:23] Against Ra7} 27. Qe4 Qb3 28. Kg2 Rfb8 29. Re6 Kf8 {[%emt 0:03:56] Repels Re8+} (29... Rf8 $16 {is a better defense.}) 30. Rec6 Qb1 {[%emt 0:01:50] [#]} 31. Qf4 {[%emt 0:00:41] Active counter play!} (31. Rc2 $1 $18 Kg8 32. Qe7 (32. Rxc7 $2 Rxc7 33. Qe6+ Rf7 $19)) 31... Qd3 {[%emt 0:01:34][%mdl 8192] [#]} (31... Kg8 $16 32. Rxc7 Rxc7 33. Rxc7 Kh8) 32. Rxf6+ $1 $18 Kg8 33. Rf7 Qg6 34. Rfxc7 (34. Rcf5 {White threatens Rf8+ and mate.} Qc6+ 35. Kh2) 34... Rxc7 35. Rxc7 {[%emt 0:00:07][%mdl 4096] Endgame. Threatens to win with Qc4+. KQR-KQR} Rf8 $2 (35... Re8 36. Qc4+ Kh8) 36. Qc4+ Kh8 37. Rc8 Qf6 38. Rxf8+ Qxf8 {[%emt 0:00:01] KQ-KQ} 39. e4 h6 40. Qe6 Qc5 41. Qd5 Qc2 42. h5 Qe2 43. Qf5 (43. e5 $142 Qxh5 44. Qd8+ Kh7 45. e6 Qg5 46. e7 (46. Qxg5 hxg5 47. e7 g4 48. e8=Q g6 49. Qf7+ Kh8 50. f4 gxf3+ 51. Kxf3 g5) 46... h5 47. e8=Q (47. e8=B $2 {too greedy.} Qxd8 48. Bxh5 Qc8 $19) (47. Qd3+ Qg6 48. Qxg6+ Kxg6 49. e8=Q+ Kf6 50. f4 Kf5 51. Qe5+ Kg6 52. Qe6+ Kh7) 47... Qxd8 48. Qxd8) 43... Qd3 44. Kh2 Qc2 45. Qf8+ Kh7 46. e5 {[%emt 0:00:17][%cal Be4e5,Be5e6,Be6e7][%mdl 32] White wants to mate with e6.} Qe4 47. Qf4 Qd3 (47... Qd5 $18 48. g4 Kg8) 48. e6 {[%emt 0:00:25] White mates.} Qd5 49. Qf7 Kh8 50. Qe8+ Kh7 51. e7 {[%emt 0:00:18] Weighted Error Value: White=0.31/Black=0.44.  Loses game:     	---       	Black=2      Mistake:       	White=2     	Black=3      Inaccurate:     	White=1     	Black=4      OK:         	White=8     	Black=9      Best:        	White=3     	Black=4      Brilliant:      	White=1     	---} 1-0

[Event "WWRR IM-Group 2024"]
[Site "Wachtebeke"]
[Date "2024.02.12"]
[Round "2.4"]
[White "Ochs, Daniel Elias"]
[Black "Milliet, Sophie"]
[Result "0-1"]
[ECO "E04"]
[WhiteElo "2280"]
[BlackElo "2384"]
[Annotator "TA"]
[PlyCount "102"]
[EventDate "2024.02.12"]
[EventType "tourn"]
[EventCountry "BEL"]
[SourceTitle "playchess.com"]
[Source "ChessBase"]
[SourceQuality "1"]
[TimeControl "40/5400+30:900+30"]

1. d4 Nf6 2. Nf3 d5 3. c4 e6 4. g3 dxc4 5. Bg2 Nbd7 6. O-O c6 7. a4 a5 8. Qc2 b5 9. Ne5 Nxe5 10. dxe5 {[%emt 0:00:05] White is slightly better.} Nd5 11. Rd1 (11. axb5 $1 $14 cxb5 12. Nc3) 11... Qb6 $1 $15 12. axb5 cxb5 13. Nc3 Bb7 (13... Bc5 $15 {stays ahead.} 14. Bxd5 exd5 (14... Bxf2+ $2 15. Kg2 $19) 15. Nxd5 Bxf2+ 16. Kg2 Bb7) 14. Nxd5 (14. Rxd5 $1 $16 exd5 (14... Bxd5 15. Nxd5 exd5 16. Bxd5 $16) 15. Nxd5 Bxd5 16. Bxd5) 14... exd5 $11 15. Bxd5 Bxd5 16. Rxd5 {[%emt 0:00:07] Qe4 is the strong threat.} Bc5 17. e4 (17. Qe4 $142 O-O (17... Bxf2+ 18. Kf1 $11) 18. Be3 Bxe3 19. Qxe3 Qxe3 20. fxe3) 17... O-O 18. Bf4 a4 19. Kg2 Rfc8 20. Rad1 a3 (20... h6 $19 21. h3 Qg6) 21. bxa3 Bxa3 (21... Rxa3 $17 {...Bf8 would now be deadly.} 22. Qe2 Bf8) 22. Be3 $2 {[%emt 0:06:58] This costs White the game.} (22. e6 $1 $11) 22... Qc6 $19 23. Rb1 b4 24. Rc5 b3 25. Rxc6 bxc2 26. Rxc8+ Rxc8 {[%emt 0:00:01][%mdl 4096] Endgame. KRB-KRB} 27. Rf1 (27. Re1 {was called for.} Rb8 28. Re2) 27... c3 {[%emt 0:00:42] aiming for ...Rd8.} 28. Bc1 Bb2 29. Kf3 {[%emt 0:00:25] [#]} Ra8 $1 30. Be3 c1=Q 31. Bxc1 Ra1 32. Rd1 {[%emt 0:00:38][%cal Rd1d8] [#]} Kf8 $1 33. Rd8+ Ke7 34. Bg5+ f6 35. exf6+ gxf6 (35... Kxd8 $2 {perishes.} 36. fxg7+ Kc7 37. g8=Q $18) 36. Bxf6+ Kxf6 {[%emt 0:00:04] KRB-KR} 37. Rc8 Ke5 38. Rc4 Re1 {[%emt 0:09:23] And now ...h5 would win.} 39. h3 (39. g4 {was the only chance.}) 39... h5 40. h4 Ba1 41. g4 hxg4+ 42. Kxg4 Rxe4+ {[%emt 0:00:14] Black mates.} 43. f4+ Kd5 44. Rc8 Rc4 45. Rd8+ Ke6 46. Rd1 Bb2 47. Re1+ Kf7 48. Kh5 c2 49. f5 c1=Q 50. Rxc1 Bxc1 51. f6 Bb2 {[%emt 0:00:18] Weighted Error Value: White=0.75/Black=0.18 (very precise) .  Loses game:     	White=1     	---        Mistake:       	White=5     	Black=3      Inaccurate:     	White=4     	---        OK:         	White=6     	Black=8      Best:        	White=6     	Black=6      Strong:       	---       	Black=3} 0-1